 Dungeon Crawl Stone Soup version 0.22-a0-412-g2b68d144a4 (webtiles) character file.

1549 Kriby the Grappler (level 8, 0/80 HPs)
             Began as a Troll Monk on May 12, 2018.
             Slain by a hog (9 damage)
             ... on level 6 of the Dungeon.
             The game lasted 00:03:15 (3430 turns).

Kriby the Grappler (Troll Monk)                     Turns: 3430, Time: 00:03:15

Health: 0/80       AC:  5    Str: 22    XL:     8   Next: 57%
Magic:  7/7        EV: 12    Int:  6    God:
Gold:   266        SH:  0    Dex: 12    Spells: 7/7 levels left

rFire    . . .     SeeInvis .     - Unarmed
rCold    . . .     Gourm    +   (no shield)
rNeg     . . .     Faith    .   a - +0 robe
rPois    .         Spirit   .   (helmet restricted)
rElec    .         Reflect  .   (no cloak)
rCorr    .         Harm     .   (gloves unavailable)
MR       .....                  (boots unavailable)
Stlth    ++........             (no amulet)
HPRegen  0.63/turn              (no ring)
MPRegen  0.10/turn              (no ring)

@: no status effects
A: large, unfitting armour, claws 3, fast metabolism 3, gourmand, regeneration
1, shaggy fur 1, tough skin 2
a: no special abilities


You were on level 6 of the Dungeon.
You were hungry.

You visited 1 branch of the dungeon, and saw 7 of its levels.

You collected 266 gold pieces.

Inventory:

Armour
 a - a +0 robe (worn)
Wands
 d - a wand of paralysis (18)
Scrolls
 c - 8 scrolls of teleportation
 g - 6 scrolls of identify {unknown}
 i - a scroll of enchant weapon {unknown}
 j - 2 scrolls of remove curse {unknown}
 k - a scroll of immolation {unknown}
 l - 3 scrolls of enchant armour {unknown}
Potions
 e - 2 potions of heal wounds
 h - a potion of agility
Comestibles
 b - 9 rations


   Skills:
 + Level 5.1 Fighting
 + Level 5.1 Dodging
 - Level 1.0 Stealth
 * Level 8.2 Unarmed Combat


You had 7 spell levels left.
You didn't know any spells.
Your spell library was empty.

Dungeon Overview and Level Annotations

Branches:
Dungeon (7/15)             Temple (0/1) D:6

Altars:
Dithmenos
Elyvilon
Gozag
Makhleb
Nemelex Xobeh
Okawaru
Ru
Sif Muna
Uskayaw
Vehumet
Wu Jian


Innate Abilities, Weirdness & Mutations

You are too large for most types of armour.
You have claws for hands.
Your metabolism is lightning-fast.
You like to eat raw meat.
Your natural rate of healing is unusually fast.
You are covered in fur. (AC +1)
You have very tough skin. (AC +2)


Message History

* * * LOW HITPOINT WARNING * * *
You scratch the hog.
The hog is lightly wounded.
The hog bites you!
* * * LOW HITPOINT WARNING * * *
You scratch the hog.
The hog is moderately wounded.
The hog bites you!
* * * LOW HITPOINT WARNING * * *
You are feeling hungry.
There is a stone staircase leading up here.
The hog closely misses you. The hog misses you.
You climb upwards.
There is a stone staircase leading down here.
The hog misses you.
There is a stone staircase leading down here.
The hog bites you!
* * * LOW HITPOINT WARNING * * *
The hog bites you!
You die...

....#.##.#.#.#.############<.....
.####.##.#.....### #..#### .#
#.##.#.......##########.(## .#
#.##..._..._.............(### .#
##.#...........##.#>.......(.# .#
#...[.....8....##.#.######.#.# .#
#..#...........##.#.# #.#(#
.###..####._..._.h..##.# #.#.#
......# #......@#####># #.#.#
####.## ###....## #.# ##.#.# #.#
#.##.# #.# #..#.# #.# #....# #.#
#.##.# #.# ####.# #.# #.##.# #.#
#.# #.# #.##.# #.# #.#
#.#####.##.# #.# #.# #..........#
#.# #.# #######.####


You could see a hog.

Vanquished Creatures
  The ghost of epok the Insei, a novice DsGl of Yredelemnul (D:6)
  2 orc warriors
  A centaur (D:6)
  2 bullfrogs (D:6)
  A scorpion (D:6)
  A howler monkey (D:6)
  2 crimson imps
  2 orc priests (D:5)
  A hound (D:5)
  2 centaur skeletons
  2 bullfrog skeletons (D:5)
  3 orc wizards
  4 worker ants
  A worker ant zombie (D:6)
  3 gnolls (D:6)
  8 adders
  2 adder skeletons
  A dart slug (D:2)
  2 leopard geckos
  15 orcs
  A ball python (D:4)
  4 giant cockroaches
  2 goblins (D:2)
  3 hobgoblins
  9 jackals
  5 kobolds
  2 quokkas (D:6)
  2 bats
  3 frilled lizards
  A quokka skeleton (D:5)
  3 rats
91 creatures vanquished.

Notes
Turn   | Place    | Note
-------+----------+-------------------------------------------
     0 | D:1      | Kriby the Troll Monk began the quest for the Orb.
     0 | D:1      | Reached XP level 1. HP: 22/22 MP: 0/0
   166 | D:2      | Reached XP level 2. HP: 22/29 MP: 1/1
   188 | D:2      | Noticed a hand axe
   188 | D:2      | Found a hide-covered altar of Uskayaw.
   200 | D:2      | Reached XP level 3. HP: 32/36 MP: 2/2
   220 | D:2      | Noticed a hand axe
   253 | D:2      | Found a deep blue altar of Sif Muna.
   316 | D:2      | Found a shadowy altar of Dithmenos.
   570 | D:4      | Reached skill level 4 in Unarmed Combat
   570 | D:4      | Reached XP level 4. HP: 26/44 MP: 3/3
   753 | D:4      | Found a sacrificial altar of Ru.
   795 | D:4      | Found a sparkling altar of Nemelex Xobeh.
   997 | D:5      | Entered Level 5 of the Dungeon
  1003 | D:5      | Reached XP level 5. HP: 50/53 MP: 4/4
  1119 | D:5      | Reached skill level 5 in Unarmed Combat
  1149 | D:5      | Reached XP level 6. HP: 56/61 MP: 5/5
  1157 | D:5      | Found a burning altar of Makhleb.
  1765 | D:5      | Found an ornate altar of the Wu Jian Council.
  1847 | D:6      | Reached skill level 6 in Unarmed Combat
  1848 | D:6      | Reached XP level 7. HP: 35/68 MP: 6/6
  1936 | D:6      | Noticed epok's ghost (novice DsGl)
  1969 | D:6      | HP: 2/68 [epok's ghost (7)]
  1971 | D:6      | Killed epok's ghost
  1971 | D:6      | Reached skill level 7 in Unarmed Combat
  2089 | D:6      | Found a radiant altar of Vehumet.
  2090 | D:6      | Found a white marble altar of Elyvilon.
  2092 | D:6      | Found an iron altar of Okawaru.
  2092 | D:6      | Found an opulent altar of Gozag.
  2119 | D:6      | Reached XP level 8. HP: 79/79 MP: 7/7
  2393 | D:6      | HP: 1/79 [orc warrior/long sword (14)]
  2684 | D:6      | Reached skill level 5 in Fighting
  2684 | D:6      | Reached skill level 8 in Unarmed Combat
  2711 | D:6      | Found a staircase to the Ecumenical Temple.
  2813 | D:6      | Reached skill level 5 in Dodging
  3430 | D:6      | Slain by a hog

Vault maps used:
D:1:      tarquinn_simple_flora_water_e, minmay_ruptured
D:2:      lemuel_doored_altar, overflow_temple_1_default,
          nicolae_overflow_crystal_walls, dancing_weapons_uskayaw,
          fedhas_altar_1, first_ration
D:4:      kennysheep_mini, nicolae_ru_path_of_blood
D:5:      kennysheep_little_box, makhleb_blood_cavern_becter
D:6:      grunt_temple_overflow_open, minmay_temple_entry_metal_lava
D:7:      kennysheep_mini_moat, grunt_livestock

Skill      XL: |  1  2  3  4  5  6  7  8 |
---------------+-------------------------+-----
Unarmed Combat | 4 5 6 7 8 |  8.2
Fighting       | 3 4 5 |  5.1
Dodging        | 3 4 5 |  5.1
Stealth        | |  1.0

Action                   |  1- 3 |  4- 6 |  7- 9 || total
-------------------------+-------+-------+-------++-------
Melee: Unarmed           |    81 |   122 |   115 ||   318
       Punch             |       |     4 |     4 ||     8
  Use: Scroll            |       |     1 |     2 ||     3
       Potion            |       |       |     6 ||     6
 Stab: Sleeping          |     2 |     2 |       ||     4
       Distracted        |       |       |     1 ||     1
  Eat: Chunk             |    11 |    11 |     6 ||    28
Armor: Robe              |    19 |    36 |    14 ||    69
Dodge: Dodged            |    58 |    70 |    62 ||   190

Table legend:
 A = Spawn XP
 B = Non-spawn XP
 C = Spawn XP percentage of total XP
 D = Spawn monster count
 E = Non-spawn monster count
 F = Spawn count percentage of total count
 G = Total turns spent on level
                    A         B        C        D         E        F      G
               +---------+---------+-------+---------+---------+-------+---------
         Total |       0 |    2213 |   0.0 |       0 |      91 |   0.0 |  3430
               +---------+---------+-------+---------+---------+-------+---------
           D:1 |       0 |      11 |   0.0 |       0 |       7 |   0.0 |   156
           D:2 |       0 |      64 |   0.0 |       0 |      16 |   0.0 |   253
           D:3 |       0 |       5 |   0.0 |       0 |       3 |   0.0 |   121
           D:4 |       0 |     106 |   0.0 |       0 |      11 |   0.0 |   467
           D:5 |       0 |     602 |   0.0 |       0 |      26 |   0.0 |   931
           D:6 |       0 |    1425 |   0.0 |       0 |      28 |   0.0 |  1253
               +---------+---------+-------+---------+---------+-------+---------
